TOP OF THE 1ST |
Detroit Dirty Snow batting - Pitching for Kenosha Kingfish : LHP Nick Clayton
|
Pitching: LHP Nick Clayton
|
|
Batting: RHB Phil Wright
|
0-0: Foul Ball, location: 2F 0-1: Ball 1-1: Hit by Pitch
|
Batting: RHB Cristo Souza
|
0-0: Ball 1-0: SINGLE (Line Drive, 34D) Phil Wright to second Throwing error, E9 Phil Wright scores Cristo Souza to second
|
Batting: LHB Eric Powell
|
0-0: Foul Ball, location: 2F 0-1: Ball 1-1: Ball 2-1: Ball 3-1: Foul Ball, location: 2F 3-2: Foul Ball, location: 2F 3-2: Foul Ball, location: 2F 3-2: Reached on error, E3 (Groundball, 34) Cristo Souza to third
|
Batting: RHB Arturo Jiménez
|
0-0: Called Strike 0-1: Foul Ball, location: 2F 0-2: Strikes out swinging
|
Batting: RHB Carlos Rocha
|
0-0: Called Strike 0-1: Ball 1-1: Foul Ball, location: 2F 1-2: Hit by Pitch Eric Powell to second
|
Batting: RHB Charlie O'Farrell
|
0-0: Called Strike 0-1: Swinging Strike 0-2: Strikes out swinging
|
Batting: SHB Alan Garland
|
0-0: Ball 1-0: Called Strike 1-1: Ball 2-1: Called Strike 2-2: Fly out, F8 (Line Drive, 8LM)
|
Top of the 1st over - 1 run(s), 1 hit(s), 2 error(s), 3 left on base; Detroit 1 - Kenosha 0 |
BOTTOM OF THE 1ST |
Kenosha Kingfish batting - Pitching for Detroit Dirty Snow : RHP Hayden Collins
|
Pitching: RHP Hayden Collins
|
|
Batting: RHB Esteban Ayala
|
0-0: Foul Ball, location: 2F 0-1: Swinging Strike 0-2: Ground out 5-3 (Groundball, 5L)
|
Batting: SHB John Beach
|
0-0: Ball 1-0: Ball 2-0: Foul Ball, location: 2F 2-1: Called Strike 2-2: Ball 3-2: Foul Ball, location: 2F 3-2: Ground out U3 (Groundball, 34)
|
Batting: LHB Jon Quinn
|
0-0: Ball 1-0: Called Strike 1-1: Fly out, F7 (Flyball, 7S)
|
Bottom of the 1st over - 0 run(s), 0 hit(s), 0 error(s), 0 left on base; Detroit 1 - Kenosha 0 |
TOP OF THE 2ND |
Detroit Dirty Snow batting - Pitching for Kenosha Kingfish : LHP Nick Clayton
|
Batting: SHB Cristián López
|
0-0: Ball 1-0: Ball 2-0: Foul Ball, location: 2F 2-1: Fly out, F8 (Flyball, 8LM)
|
Batting: RHB Carlos Salas
|
0-0: Called Strike 0-1: Ball 1-1: Called Strike 1-2: Strikes out swinging
|
Batting: RHB Phil Wright
|
0-0: Ball 1-0: Foul Ball, location: 2F 1-1: Ground out 6-3 (Groundball, 6)
|
Top of the 2nd over - 0 run(s), 0 hit(s), 0 error(s), 0 left on base; Detroit 1 - Kenosha 0 |
BOTTOM OF THE 2ND |
Kenosha Kingfish batting - Pitching for Detroit Dirty Snow : RHP Hayden Collins
|
Batting: LHB Davey Casey
|
0-0: Ball 1-0: Swinging Strike 1-1: Ball 2-1: Foul Ball, location: 2F 2-2: Strikes out swinging
|
Batting: RHB Sergio Mata
|
0-0: Called Strike 0-1: Ground out 5-3 (Groundball, 56)
|
Batting: SHB Devin Smith
|
0-0: Called Strike 0-1: Fly out, F8 (Flyball, 8LM)
|
Bottom of the 2nd over - 0 run(s), 0 hit(s), 0 error(s), 0 left on base; Detroit 1 - Kenosha 0 |
TOP OF THE 3RD |
Detroit Dirty Snow batting - Pitching for Kenosha Kingfish : LHP Nick Clayton
|
Batting: RHB Cristo Souza
|
0-0: Foul Ball, location: 2F 0-1: Ball 1-1: Foul Ball, location: 2F 1-2: Strikes out swinging
|
Batting: LHB Eric Powell
|
0-0: Ball 1-0: Ball 2-0: Foul Ball, location: 2F 2-1: Foul Ball, location: 2F 2-2: Foul Ball, location: 2F 2-2: Ball 3-2: Reached via error on a dropped throw, E1
|
Batting: RHB Arturo Jiménez
|
0-0: Ball Eric Powell steals 2nd base 1-0: Ball 2-0: Foul Ball, location: 2F 2-1: Ground out 6-3 (Groundball, 56)
|
Batting: RHB Carlos Rocha
|
0-0: Called Strike 0-1: Called Strike 0-2: Fly out, F5 (Line Drive, 5)
|
Top of the 3rd over - 0 run(s), 0 hit(s), 1 error(s), 1 left on base; Detroit 1 - Kenosha 0 |
BOTTOM OF THE 3RD |
Kenosha Kingfish batting - Pitching for Detroit Dirty Snow : RHP Hayden Collins
|
Batting: LHB Gustavo Gómez
|
0-0: Ball 1-0: Foul Ball, location: 2F 1-1: SOLO HOME RUN (Flyball, 89XD), Distance : 420 ft
|
Batting: RHB Bob Lee
|
0-0: Called Strike 0-1: Foul Ball, location: 2F 0-2: Foul Ball, location: 2F 0-2: Ball 1-2: Fly out, F8 (Flyball, 89XD)
|
Batting: RHB Tommy Davenport
|
0-0: Ball 1-0: Ball 2-0: Fly out, F7 (Flyball, 7)
|
Batting: RHB Esteban Ayala
|
0-0: Foul Ball, location: 2F 0-1: Ball 1-1: Called Strike 1-2: Fly out, F8 (Flyball, 8LM)
|
Bottom of the 3rd over - 1 run(s), 1 hit(s), 0 error(s), 0 left on base; Detroit 1 - Kenosha 1 |
TOP OF THE 4TH |
Detroit Dirty Snow batting - Pitching for Kenosha Kingfish : LHP Nick Clayton
|
Batting: RHB Charlie O'Farrell
|
0-0: Called Strike 0-1: Ball 1-1: Foul Ball, location: 2F 1-2: Ball 2-2: Strikes out swinging
|
Batting: SHB Alan Garland
|
0-0: Foul Ball, location: 2F 0-1: Ball 1-1: Called Strike 1-2: Ball 2-2: Strikes out swinging
|
Batting: SHB Cristián López
|
0-0: Swinging Strike 0-1: Foul Ball, location: 2F 0-2: Strikes out swinging
|
Top of the 4th over - 0 run(s), 0 hit(s), 0 error(s), 0 left on base; Detroit 1 - Kenosha 1 |
BOTTOM OF THE 4TH |
Kenosha Kingfish batting - Pitching for Detroit Dirty Snow : RHP Hayden Collins
|
Batting: SHB John Beach
|
0-0: Called Strike 0-1: Ball 1-1: Ball 2-1: Swinging Strike 2-2: Foul Ball, location: 2F 2-2: Strikes out looking
|
Batting: LHB Jon Quinn
|
0-0: Reached on error, E7 (Flyball, 7LM)
|
Batting: LHB Davey Casey
|
0-0: Ball 1-0: Called Strike 1-1: Ball 2-1: Grounds into double play, 4-6-3 (Groundball, 4)
|
Bottom of the 4th over - 0 run(s), 0 hit(s), 1 error(s), 0 left on base; Detroit 1 - Kenosha 1 |
TOP OF THE 5TH |
Detroit Dirty Snow batting - Pitching for Kenosha Kingfish : LHP Nick Clayton
|
Batting: RHB Carlos Salas
|
0-0: Ball 1-0: DOUBLE (Groundball, 5L)
|
Batting: RHB Phil Wright
|
0-0: Intentional Walk
|
Batting: RHB Cristo Souza
|
0-0: Foul Ball, location: 2F 0-1: Fielders Choice at 2nd, 1-4 (Groundball, 15S) Carlos Salas to third
|
Batting: LHB Eric Powell
|
0-0: Ball 1-0: Called Strike 1-1: Ball Wild Pitch! Carlos Salas scores Cristo Souza to second 2-1: Ground out 3-1 (Groundball, 34) Cristo Souza to third
|
Batting: RHB Arturo Jiménez
|
0-0: Foul Ball, location: 2F 0-1: Ball 1-1: Ball 2-1: Ball 3-1: Called Strike 3-2: Foul Ball, location: 2F 3-2: Foul Ball, location: 2F 3-2: Foul Ball, location: 2F 3-2: Strikes out looking
|
Top of the 5th over - 1 run(s), 1 hit(s), 0 error(s), 1 left on base; Detroit 2 - Kenosha 1 |
BOTTOM OF THE 5TH |
Kenosha Kingfish batting - Pitching for Detroit Dirty Snow : RHP Hayden Collins
|
Batting: RHB Sergio Mata
|
0-0: Ball 1-0: Ball 2-0: DOUBLE (Line Drive, 78D)
|
Batting: SHB Devin Smith
|
0-0: Ball 1-0: Foul Ball, location: 2F 1-1: Ball 2-1: Ball 3-1: Base on Balls
|
Batting: LHB Gustavo Gómez
|
0-0: Called Strike 0-1: Foul Ball, location: 2F 0-2: Strikes out looking
|
Batting: RHB Bob Lee
|
0-0: Foul Ball, location: 2F 0-1: Ball 1-1: Ball 2-1: Foul Ball, location: 2F 2-2: Foul Ball, location: 2F 2-2: Ball 3-2: Foul Ball, location: 2F 3-2: Foul Ball, location: 2F 3-2: Foul Ball, location: 2F 3-2: Ground out 4-3 (Groundball, 4MS) Sergio Mata to third Devin Smith to second
|
Batting: RHB Tommy Davenport
|
0-0: Ball 1-0: Called Strike 1-1: Fly out, F9 (Flyball, 9S)
|
Bottom of the 5th over - 0 run(s), 1 hit(s), 0 error(s), 2 left on base; Detroit 2 - Kenosha 1 |
TOP OF THE 6TH |
Detroit Dirty Snow batting - Pitching for Kenosha Kingfish : LHP Nick Clayton
|
Pitching: RHP Edwin Manning
|
|
Batting: RHB Carlos Rocha
|
0-0: Foul Ball, location: 2F 0-1: Ball 1-1: Swinging Strike 1-2: Ball 2-2: Foul Ball, location: 2F 2-2: DOUBLE (Line Drive, 78M)
|
Batting: RHB Charlie O'Farrell
|
0-0: Intentional Walk
|
Batting: SHB Alan Garland
|
0-0: Ball 1-0: Foul Ball, location: 2F 1-1: Ball 2-1: Ball 3-1: Foul Ball, location: 2F 3-2: Strikes out looking
|
Batting: SHB Cristián López
|
0-0: Ball 1-0: Foul Ball, location: 2F 1-1: Ball 2-1: Swinging Strike 2-2: Strikes out swinging
|
Batting: RHB Carlos Salas
|
0-0: Ball 1-0: Ball 2-0: Called Strike 2-1: Ball 3-1: Base on Balls Carlos Rocha to third Charlie O'Farrell to second
|
Batting: RHB Phil Wright
|
0-0: Ball 1-0: Ball 2-0: Foul Ball, location: 2F 2-1: Foul Ball, location: 2F 2-2: Foul Ball, location: 2F 2-2: Strikes out swinging
|
Top of the 6th over - 0 run(s), 1 hit(s), 0 error(s), 3 left on base; Detroit 2 - Kenosha 1 |
BOTTOM OF THE 6TH |
Kenosha Kingfish batting - Pitching for Detroit Dirty Snow : RHP Hayden Collins
|
Batting: RHB Esteban Ayala
|
0-0: Foul Ball, location: 2F 0-1: Ball 1-1: Fly out, F9 (Flyball, 9LS)
|
Batting: SHB John Beach
|
0-0: Ground out U3 (Groundball, 3)
|
Batting: LHB Jon Quinn
|
0-0: Called Strike 0-1: Called Strike 0-2: Strikes out swinging
|
Bottom of the 6th over - 0 run(s), 0 hit(s), 0 error(s), 0 left on base; Detroit 2 - Kenosha 1 |
TOP OF THE 7TH |
Detroit Dirty Snow batting - Pitching for Kenosha Kingfish : RHP Edwin Manning
|
Batting: RHB Cristo Souza
|
0-0: Called Strike 0-1: Ball 1-1: Foul Ball, location: 2F 1-2: Strikes out swinging
|
Batting: LHB Eric Powell
|
0-0: Called Strike 0-1: Ball 1-1: Called Strike 1-2: Ball 2-2: Foul Ball, location: 2F 2-2: Strikes out looking
|
Batting: RHB Arturo Jiménez
|
0-0: Called Strike 0-1: Ball 1-1: Ball 2-1: Called Strike 2-2: Strikes out looking
|
Top of the 7th over - 0 run(s), 0 hit(s), 0 error(s), 0 left on base; Detroit 2 - Kenosha 1 |
BOTTOM OF THE 7TH |
Kenosha Kingfish batting - Pitching for Detroit Dirty Snow : RHP Hayden Collins
|
Batting: LHB Davey Casey
|
0-0: Ball 1-0: Ground out 1-3 (Groundball, 15)
|
Batting: RHB Sergio Mata
|
0-0: Called Strike 0-1: Ball 1-1: Ball 2-1: Foul Ball, location: 2F 2-2: Foul Ball, location: 2F 2-2: Ground out 4-3 (Groundball, 4MS)
|
Batting: SHB Devin Smith
|
0-0: Called Strike 0-1: Ball 1-1: Ball 2-1: SOLO HOME RUN (Flyball, 7D), Distance : 388 ft
|
Batting: LHB Gustavo Gómez
|
0-0: Ball 1-0: Ball 2-0: Ball 3-0: Called Strike 3-1: Swinging Strike 3-2: Base on Balls
|
Pitching: RHP Leonard Christensen
|
|
Pinch Hitting: RHB Rubén Hernández
|
0-0: Ball 1-0: Ball 2-0: Ball 3-0: Called Strike 3-1: Fly out, F5 (Popup, 5L)
|
Bottom of the 7th over - 1 run(s), 1 hit(s), 0 error(s), 1 left on base; Detroit 2 - Kenosha 2 |
TOP OF THE 8TH |
Detroit Dirty Snow batting - Pitching for Kenosha Kingfish : RHP Edwin Manning
|
Now in RF: Richard Brooks
|
|
Batting: RHB Carlos Rocha
|
0-0: Ball 1-0: Foul Ball, location: 2F 1-1: Ball 2-1: Ball 3-1: Ground out 5-3 (Groundball, 56)
|
Batting: RHB Charlie O'Farrell
|
0-0: Called Strike 0-1: Ball 1-1: Ball 2-1: Ball 3-1: Base on Balls
|
Pitching: RHP Anastasio Cervantes
|
|
Batting: SHB Alan Garland
|
0-0: Ball 1-0: Ball 2-0: Bunted foul 2-1: Bunted foul 2-2: Fly out, F8 (Line Drive, 8RM)
|
Batting: SHB Cristián López
|
0-0: Fielders Choice at 2nd, 4-6 (Groundball, 4)
|
Top of the 8th over - 0 run(s), 0 hit(s), 0 error(s), 0 left on base; Detroit 2 - Kenosha 2 |
BOTTOM OF THE 8TH |
Kenosha Kingfish batting - Pitching for Detroit Dirty Snow : RHP Leonard Christensen
|
Pinch Hitting: SHB Júlio Valentín
|
0-0: Called Strike 0-1: Ball 1-1: Ball 2-1: Ball 3-1: Fly out, F7 (Flyball, 7)
|
Batting: RHB Esteban Ayala
|
0-0: Ball 1-0: Ball 2-0: Called Strike 2-1: Foul Ball, location: 2F 2-2: Ball 3-2: Ground out 6-3 (Groundball, 6S)
|
Batting: SHB John Beach
|
0-0: Called Strike 0-1: Ball 1-1: Foul Ball, location: 2F 1-2: Ground out 4-3 (Groundball, 4)
|
Bottom of the 8th over - 0 run(s), 0 hit(s), 0 error(s), 0 left on base; Detroit 2 - Kenosha 2 |
TOP OF THE 9TH |
Detroit Dirty Snow batting - Pitching for Kenosha Kingfish : RHP Anastasio Cervantes
|
Pitching: RHP Júlio Vargas
|
|
Now in LF: Júlio Valentín
|
|
Batting: RHB Carlos Salas
|
0-0: Ball 1-0: Ground out 5-3 (Groundball, 56S)
|
Batting: RHB Phil Wright
|
0-0: Foul Ball, location: 2F 0-1: Called Strike 0-2: Ball 1-2: Ball 2-2: Ball 3-2: Fly out, F2 (Popup, 5S)
|
Batting: RHB Cristo Souza
|
0-0: Foul Ball, location: 2F 0-1: Foul Ball, location: 2F 0-2: Foul Ball, location: 2F 0-2: Strikes out swinging
|
Top of the 9th over - 0 run(s), 0 hit(s), 0 error(s), 0 left on base; Detroit 2 - Kenosha 2 |
BOTTOM OF THE 9TH |
Kenosha Kingfish batting - Pitching for Detroit Dirty Snow : RHP Leonard Christensen
|
Batting: LHB Jon Quinn
|
0-0: Foul Ball, location: 2F 0-1: Ball 1-1: Ball 2-1: Ball 3-1: Foul Ball, location: 2F 3-2: Foul Ball, location: 2F 3-2: Ground out 4-3 (Groundball, 4M)
|
Batting: LHB Davey Casey
|
0-0: Ball 1-0: Fly out, F7 (Flyball, 7)
|
Batting: RHB Sergio Mata
|
0-0: Foul Ball, location: 2F 0-1: Ball 1-1: Fly out, F6 (Popup, 5D)
|
Bottom of the 9th over - 0 run(s), 0 hit(s), 0 error(s), 0 left on base; Detroit 2 - Kenosha 2 |
TOP OF THE 10TH |
Detroit Dirty Snow batting - Pitching for Kenosha Kingfish : RHP Júlio Vargas
|
Batting: LHB Eric Powell
|
0-0: Ball 1-0: Ball 2-0: Foul Ball, location: 2F 2-1: SINGLE (Line Drive, 4M)
|
Batting: RHB Arturo Jiménez
|
0-0: Ball 1-0: Swinging Strike 1-1: Called Strike 1-2: Foul Ball, location: 2F 1-2: Ball 2-2: Strikes out swinging
|
Batting: RHB Carlos Rocha
|
Pickoff Throw to First - Out! 0-0: Ball 1-0: Ball 2-0: Swinging Strike 2-1: Ball 3-1: Base on Balls
|
Batting: RHB Charlie O'Farrell
|
0-0: Called Strike 0-1: Ball 1-1: Called Strike 1-2: Ball 2-2: Strikes out swinging
|
Top of the 10th over - 0 run(s), 1 hit(s), 0 error(s), 1 left on base; Detroit 2 - Kenosha 2 |
BOTTOM OF THE 10TH |
Kenosha Kingfish batting - Pitching for Detroit Dirty Snow : RHP Leonard Christensen
|
Batting: SHB Devin Smith
|
0-0: Ball 1-0: Swinging Strike 1-1: Called Strike 1-2: Ground out 5-3 (Groundball, 56S)
|
Batting: LHB Gustavo Gómez
|
0-0: SINGLE (Groundball, 4MD)
|
Batting: LHB Richard Brooks
|
0-0: Called Strike 0-1: Swinging Strike 0-2: Ball 1-2: Strikes out looking
|
Batting: SHB Júlio Valentín
|
0-0: Ball 1-0: Ball 2-0: Ball 3-0: Base on Balls Gustavo Gómez to second
|
Batting: RHB Esteban Ayala
|
0-0: Ball 1-0: Called Strike 1-1: SINGLE (Flyball, 9LS) Gustavo Gómez to third Júlio Valentín to second Runner from 3rd tries for Home, SAFE, no throw
|
Thursday, March 30th, 2017 - OOTP Baseball 17.12 Build 75
|
|